 Dungeon Sprint DCSS version 0.17.2-1-ge4368a0 (webtiles) character file.

1024 Goblin1989 the Imperceptible (level 8, -20/37 HPs)
             Began as a Spriggan Assassin on Mar 31, 2017.
             Killed by an exploding giant spore (28 damage)
             ... in the Dungeon (Sprint I: "Red Sonja").
             The game lasted 00:03:23 (176 turns).

Goblin1989 the Imperceptible (Spriggan Assassin)     Turns: 176, Time: 00:03:24

Health: -20/37     AC:  3    Str:  7    XL:     8   Next: 2%
Magic:  9/9        EV: 17    Int: 13    God:
Gold:   405        SH:  0    Dex: 19    Spells: 0 memorised, 7 levels left

rFire  . . .     SeeInvis +     m - +0 dagger (distort) {!w}
rCold  . . .     Clarity  .     c - +0 robe
rNeg   . . .     SustAt   .     (shield restricted)
rPois  .         Gourm    .     (helmet restricted)
rElec  .         Spirit   .     d - +0 cloak
rCorr  .         Warding  .     (gloves unavailable)
rMut   .         NoTele   +     (boots unavailable)
MR     +....                    (no amulet)
Stlth  ++++......               (no ring)
                                (no ring)

@: confused, very quick, somewhat resistant to hostile enchantments, stealthy
A: unfitting armour, see invisible, herbivore 3, speed 3, slow metabolism 2
a: no special abilities


You were in the Dungeon.
You were not hungry.

You visited 1 branch You collected 405 gold pieces.

Inventory:

Hand Weapons
 a - a +2 dagger
 m - a +0 dagger of distortion (weapon) {!w}
 w - a +0 blowgun {@w1}
Missiles
 f - 8 curare-tipped needles
 g - 8 poisoned needles
Armour
 c - a +0 robe (worn)
 d - a +0 cloak (worn)
Jewellery
 b - a +2 ring of dexterity {unknown}
Wands
 E - a wand of enslavement (12)
Scrolls
 B - a scroll of blinking
Potions
 h - a potion of curing {@q1}
 i - a potion of heal wounds
 j - a potion of haste
 k - 2 potions of magic
 l - a potion of berserk rage
Comestibles
 e - a bread ration {@e1}


   Skills:
 - Level 1.5 Fighting
 - Level 2.1 Short Blades
 - Level 2.0 Throwing
 - Level 1.5 Dodging
 + Level 23.8 Stealth


You had 7 spell levels left.
You didn't know any spells.

Dungeon Overview and Level Annotations

Branches:
Dungeon (1/1)

Altars:
Elyvilon
Gozag
Kikubaaqudgha
Makhleb
Nemelex Xobeh
Okawaru
Qazlal
Ru
Sif Muna
Trog
Vehumet
Xom
Yredelemnul
Zin
The Shining One

Shops:
D ([

Annotations:
D exclusion: 3 giant eyeballs


Innate Abilities, Weirdness & Mutations

You are tiny and cannot use many weapons and most armour.
You have supernaturally acute eyesight.
You are a herbivore.
You cover ground extremely quickly.
You need consume almost no food.


Message History

You kill the yak!
Your Stealth skill gained 2 levels and is now at level 20!
Unknown command.
Unknown command.
There is an open door here.
You see here a giant club.
There is an open door here.
g - 4 poisoned needles (gained 2)
g - 5 poisoned needles (gained 1)
Things that are here:
a scythe; a robe; the human corpse of Sigmund
g - 7 poisoned needles (gained 2)
There is an open door here.
There is an open door here.
g - 8 poisoned needles (gained 1)
You see here 7 sling bullets.
f - a curare-tipped needle
Found an iron altar of Okawaru.
There is an open door here.
You now have 189 gold pieces (gained 27).
You now have 216 gold pieces (gained 27).
You now have 243 gold pieces (gained 27).
You now have 270 gold pieces (gained 27).
You now have 297 gold pieces (gained 27).
There is an open door here.
There is an open door here.
Found a bloodstained altar of Trog.
There is an entrance to Retij's Armour Emporium here.
There is a basalt altar of Yredelemnul here.
There is an entrance to Retij's Armour Emporium here.
There is an open door here.
You open the door.
Marking area around Sonja as unsafe for travelling.
Sonja, the Graceful Assassin comes into view.
She is wielding a dagger of distortion.
Unknown command.
There is an open door here.
The helpless Sonja fails to defend herself.
You skewer Sonja like a kebab!!!!
You kill Sonja!
Your Stealth skill gained 3 levels and is now at level 23!
You have reached level 7!
You have reached level 8!
Health restored: 37; MP restored: 9
f - 8 curare-tipped needles (gained 7)
Things that are here:
a dagger of distortion {!w}; a blowgun {@w1}; the kobold corpse of Sonja
m - a dagger of distortion {!w} Eat which item? (? for menu, Esc to quit)
Okay, then.
Wield which item (- for none, * to show all)? (? for menu, Esc to quit)
Really wield
m - a dagger of distortion {!w}?
Space warps around you for a moment!
m - a +0 dagger of distortion (weapon)
{!w} Unknown command.
You now have 324 gold pieces (gained 27).
You now have 351 gold pieces (gained 27).
Things that are here:
a blowgun {@w1}; the kobold corpse of Sonja You now have 378 gold pieces (gained 27).
You now have 405 gold pieces (gained 27).
You open the door.
There is an open door here.
Found Voippol's Weapon Boutique.
You open the huge gate.
Marking area around the giant eyeball as unsafe for travelling.
Marking area around the giant eyeball as unsafe for travelling.
Marking area around the giant eyeball as unsafe for travelling. 3 giant eyeballs and 3 shining eyes come into view.
You close the huge gate.
You found an arrow trap!
An arrow shoots out and hits you!
There is an arrow trap here.
You take 2 damage, and have 35/37 hp.
There is an entrance to Voippol's Weapon Boutique here.
You can access your shopping list by pressing '$'.
Really walk into that arrow trap? [Y]es or [N]o only, please.
Really walk into that arrow trap? [Y]es or [N]o only, please.
Really walk into that arrow trap?
Okay, then.
Really walk into that arrow trap?
You avoid triggering an arrow trap.
There is an arrow trap here.
There is an open door here.
Things that are here:
a blowgun {@w1}; the kobold corpse of Sonja You open the door.
The giant spore waves its rhizomes.
The giant spore explodes!
The explosion of spores engulfs you!
You are confused.
Ouch! That really hurt!
* * * LOW HITPOINT WARNING * * *
The explosion of spores engulfs the giant spore.
The giant spore explodes!
A fungus suddenly grows.
The explosion of spores engulfs you!
You are more confused.
Ouch! That really hurt!
You die...

█..█⌂⌂████..██(█
█..█⌂..⌂⌂██∆█..▲
█ΨΨ█⌂.∩...∆...⌂█
████⌂...⌂██⌂.█▲█
█⌂⌂⌂⌂⌂███∆█
████████████.██
█∩^.......∆...▲
███▲▲▲▲████.).█
█..G...


██@██ █G..... █∆█ █..█..G !$! █G .... $[P?$ █ .G..█ ███████ G.... There were no
monsters in sight!

Vanquished Creatures
  Sonja (D)
  A yak (D)
  Sigmund (D)
  An ogre (D)
  Ijyb (D)
  A jelly (D)
6 creatures vanquished.

Notes
Turn   | Place    | Note
--------------------------------------------------------------
     0 | D        | Goblin1989 the Spriggan Assassin began the quest for the Orb.
     0 | D        | Reached XP level 1. HP: 10/10 MP: 2/2
     1 | D        | Noticed Ijyb
     4 | D        | Killed Ijyb
     4 | D        | Reached skill level 10 in Stealth
     4 | D        | Reached XP level 2. HP: 14/14 MP: 3/3
     6 | D        | Noticed an ogre
     9 | D        | Killed an ogre
     9 | D        | Reached skill level 14 in Stealth
     9 | D        | Reached XP level 3. HP: 18/18 MP: 4/4
     9 | D        | Reached XP level 4. HP: 22/22 MP: 5/5
    11 | D        | Noticed Sigmund
    14 | D        | Killed Sigmund
    14 | D        | Reached skill level 18 in Stealth
    14 | D        | Reached XP level 5. HP: 25/25 MP: 6/6
    14 | D        | Reached XP level 6. HP: 30/30 MP: 7/7
    34 | D        | Found a deep blue altar of Sif Muna.
    40 | D        | Noticed a jelly
    41 | D        | Found a radiant altar of Vehumet.
    45 | D        | Killed a jelly
    56 | D        | Found Retij's Armour Emporium.
    56 | D        | Found a white marble altar of Elyvilon.
    56 | D        | Found a stormy altar of Qazlal.
    56 | D        | Found a burning altar of Makhleb.
    56 | D        | Found a sacrificial altar of Ru.
    56 | D        | Found a basalt altar of Yredelemnul.
    56 | D        | Found a glowing golden altar of the Shining One.
    56 | D        | Found a sparkling altar of Nemelex Xobeh.
    56 | D        | Found a shimmering altar of Xom.
    56 | D        | Found an opulent altar of Gozag.
    56 | D        | Found an ancient bone altar of Kikubaaqudgha.
    56 | D        | Found a glowing silver altar of Zin.
    56 | D        | Noticed a yak
    83 | D        | Killed a yak
    83 | D        | Reached skill level 20 in Stealth
   103 | D        | Found an iron altar of Okawaru.
   119 | D        | Found a bloodstained altar of Trog.
   133 | D        | Noticed Sonja
   137 | D        | Killed Sonja
   137 | D        | Reached skill level 23 in Stealth
   137 | D        | Reached XP level 7. HP: 33/33 MP: 8/8
   137 | D        | Reached XP level 8. HP: 37/37 MP: 9/9
   154 | D        | Found Voippol's Weapon Boutique.
   156 | D        | Noticed a shining eye
   156 | D        | Noticed a shining eye
   156 | D        | Noticed a shining eye
   176 | D        | Killed by an exploding giant spore

Action                   |  1- 3 |  4- 6 |  7- 9 || total
-------------------------+-------+-------+-------++-------
Melee: Dagger            |     2 |     4 |       ||     6
 Fire: Blowgun           |       |     8 |       ||     8
 Stab: Sleeping          |     2 |     3 |       ||     5

Vault maps used:
D:        dungeon_sprint_1
